 Dungeon Crawl Stone Soup version 0.28-a0-8-g6e044cfa68 (webtiles) character file.

Game seed: 16195044487913509998

18214 Spectrina the Thaumaturge (level 12, 0/114 HPs)
             Began as a Djinni Delver on July 23, 2021.
             Was a Priest of Ashenzari.
             Slain by a spectral seven-headed hydra (2 damage)
             ... in a Gauntlet on July 24, 2021.
             The game lasted 01:44:29 (7589 turns).

Spectrina the Thaumaturge (Djinni Delver)           Turns: 7589, Time: 01:44:29

Health: 0/114      AC: 12    Str: 11    XL:     12   Next: 92%
Gold:   926        EV: 11    Int: 18    God:    Ashenzari [***...] SH:  0 Dex: 14

rFire   + . .      SeeInvis +   D - +6 great sword of the Sublime Augur {protect, Evo, Range} (curse)
rCold   . . .      Faith    .   (shield currently unavailable)
rNeg    . . .      Spirit   .   i - +3 ring mail "Stellar Gnosis" {Melee, Evo} (curse)
rPois   ∞          Reflect  .   (no helmet)
rElec   .          Harm     .   (no cloak)
rCorr   .          Rampage  .   (no gloves)
Will    +....      Clarity  +   (boots unavailable) Stlth ..........NoTele +
                                (no amulet)
HPRegen 0.29/turn               y - ring of Ashenzari's Loss {AC+4, Cun, Fort} (curse)
MPRegen 0.00/turn               M - ring of Ashenzari's Paranoia {Ice, Evo, Range} (curse)

@: berserking, flying, very quick
A: sickness immunity, fire resistance 2, cold vulnerability 1, float, innate
caster, hp casting, extra vitality 1
a: Renounce Religion, Curse Item, Shatter the Chains


You were in a Gauntlet.
You worshipped Ashenzari.
Ashenzari was most pleased with you.
You visited 3 branches of the dungeon, and saw 15 of its levels.
You also visited: Gauntlet.

You collected 926 gold pieces.

Inventory:

Hand Weapons
 D - the cursed +6 great sword of the Sublime Augur (weapon) {protect, Evo, Range}
   (You took it off a wight on level 7 of the Dungeon)

   It grants its wielder temporary protection when it strikes (+7 to AC).
   It has a curse which improves the following skills: Evocations: Evocations.
   Ranged Combat: Slings, Bows, Crossbows and Throwing.
Missiles
 k - 391 stones
 m - 21 poisoned darts (quivered)
 J - a curare-tipped dart
Armour
 i - the cursed +3 ring mail "Stellar Gnosis" (worn) {Melee, Evo}
   (You found it on level 6 of the Dungeon)

   It has a curse which improves the following skills: Melee Combat: Short
   Blades, Long Blades, Axes, Maces & Flails, Polearms, Staves and Unarmed
   Combat.
   Evocations: Evocations.
Jewellery
 y - the cursed ring of Ashenzari's Loss (left hand) {AC+4, Cun, Fort}
   (You found it on level 6 of the Dungeon)

   [ring of protection]

   AC:        It affects your AC (+4).
   It has a curse which improves the following skills: Cunning: Dodging and
   Stealth.
   Fortitude: Armour and Shields.
 M - the cursed ring of Ashenzari's Paranoia (right hand) {Ice, Evo, Range}
   (You took it off Fannar on level 3 of the Lair of Beasts)

   [ring of ice]

   It enhances your ice magic.
   rF:        It makes you vulnerable to fire.
   rC:        It protects you from cold.
   It has a curse which improves the following skills: Evocations: Evocations.
   Ranged Combat: Slings, Bows, Crossbows and Throwing.
Wands
 f - a wand of digging (2)
 C - a wand of acid (10)
 K - a wand of paralysis (6)
 O - a wand of iceblast (1)
 R - a wand of flame (15)
Scrolls
 b - 2 scrolls of fog
 c - 3 scrolls of magic mapping
 d - 2 scrolls of fear
 n - 3 scrolls of immolation
 o - a scroll of vulnerability
 B - 2 scrolls of enchant armour
 F - a scroll of silence
 P - 2 scrolls of enchant weapon
Potions
 e - 2 potions of haste
 g - a potion of attraction
 h - a potion of cancellation
 p - 4 potions of brilliance
 q - a potion of might
 r - a potion of resistance
 w - 4 potions of curing
 A - a potion of mutation
 V - a potion of lignification
Miscellaneous
 Q - a phantom mirror
 U - a tin of tremorstones (inert)


   Skills:
 - Level 3.0 Fighting
 - Level 2.1(3.6) Dodging
 - Level 8.0(10.0) Stealth
 - Level 2.0(3.4) Unarmed Combat
 * Level 13.2 Spellcasting
 - Level 6.8(10.6) Evocations


You had 23 spell levels left.
You knew the following spells:

 Your Spells              Type           Power      Damage    Failure   Level
a - Sandblast             Erth           100%       2d20      1%          1
f - Searing Ray           Conj           100%       3d7       1%          2
l - Sticky Flame          Conj/Fire      56%        2d7       1%          4
m - Summon Lightning Spi  Summ/Air       56%        N/A       1%          4
p - Portal Projectile     Hex/Tloc       100%       N/A       1%          3
Your spell library was empty.

Dungeon Overview and Level Annotations

Branches:
Dungeon (9/15)             Temple (1/1) D:7            Lair (5/6) D:8
  Swamp (0/4) Lair:3      Gauntlet (1/1)
  Snake: Lair:2-4    Spider: Lair:2-4     Slime: Lair:5-6       Orc: D:9-12

Altars:
Ashenzari
Cheibriados
Dithmenos
Elyvilon
Gozag
Hepliaklqana
Kikubaaqudgha
Makhleb
Nemelex Xobeh
Okawaru
Qazlal
Ru
Sif Muna
Trog
Uskayaw
Vehumet
Xom
Yredelemnul
Zin
The Shining One
Lugonu

Shops:
D:6 :

Annotations:
D:4 1 runed translucent door, Crazy Yiuf
Lair:2 1 runed translucent door, Zihow's ghost, journeyman DgIE
Lair:4 exclusion: oklob plant Gauntlet 10 transporters, 21 runed translucent doors


Innate Abilities, Weirdness & Mutations

You are immune to sickness and miasma.
You are immune to poison.
Your flesh is very heat resistant. (rF++)
You are vulnerable to cold. (rC-)
You float through the air rather than walking.
You learn spells naturally, not from books.
Your magical power is your life essence.
You have superior vitality. (+4 HP)


Message History

There is a transporter here.
Okay, then.
You enter the transporter and appear at another place.
The spectral seven-headed hydra bites you!
The spectral seven-headed hydra bites you.
The spectral seven-headed hydra barely misses you.
The spectral seven-headed hydra bites you but does no damage.
The spectral seven-headed hydra barely misses you.
The spectral seven-headed hydra bites you.
* * * LOW HITPOINT WARNING * * *
The spectral seven-headed hydra closely misses you.
Unknown command.
Okay, then.
Unknown command.
As you read the scroll of holy word, it crumbles to dust.
You speak a Word of immense power!
The spectral seven-headed hydra convulses!
The spectral seven-headed hydra misses you.
The spectral seven-headed hydra bites you.
* * * LOW HITPOINT WARNING * * *
The spectral seven-headed hydra bites you.
* * * LOW HITPOINT WARNING * * *
The spectral seven-headed hydra closely misses you.
The spectral seven-headed hydra bites you!
* * * LOW HITPOINT WARNING * * *
The spectral seven-headed hydra barely misses you.
The spectral seven-headed hydra closely misses you.
Press: ? - help, v - describe, . - travel
Here: a spectral seven-headed hydra (lightly damaged, dazed)
The floor.
Unknown command.
A red film seems to cover your vision as you go berserk!
You feel yourself moving faster!
You feel mighty!
The spectral seven-headed hydra misses you.
The spectral seven-headed hydra bites you.
* * * LOW HITPOINT WARNING * * *
The spectral seven-headed hydra barely misses you.
The spectral seven-headed hydra bites you but does no damage. x3
The spectral seven-headed hydra bites you.
You die...

###############################
#§.............................
###§.............................
#8#..###########...###########...
###..#..#......#.8.###..###h##.8.
#..#...#.....#...#.#.##..#h#...
###..#...#...B######.##.....#####
#8#..#...©#.##:#...##.#.####[#...
###.©#...###..©#@Z©###.####h©#©.©
#..#.##.#...[#...#..#.####.#...
###..##....#...######.#.#h##=####
#8#..#.....#...#...#.#.©#h...#...
###..#......#..#...#.####h#..#..§
#..###########...###########..§
###≈.............≈.............≈§
#8#∩...∩........≈8≈...........§8§
###≈...........§§§.............§.


You could see a spectral seven-headed hydra (dazed) and a death scarab.

Vanquished Creatures
  Kirke (Lair:4)
  Snorg (Lair:3)
  Fannar (Lair:3)
  2 hydras
  A death yak (Lair:4)
  Nergalle (Lair:1)
  Pikel (D:4)
  3 black mambas
  5 cane toads
  Prince Ribbit (D:8)
  8 blink frogs (Lair:4)
  5 wyverns
  Eustachio (D:4)
  3 hogs (Lair:4)
  6 yaks
  A basilisk (Lair:3)
  2 wargs (D:8)
  7 water moccasins
  2 ice beasts
  2 orc warriors
  2 black bears
  3 sky beasts
  A necrophage (D:5)
  2 ogres (D:6)
  A centaur (D:8)
  2 lemures (D:4)
  6 bullfrogs
  A kobold brigand (D:7)
  Blork the orc (D:6)
  A wyvern skeleton (D:7)
  A water moccasin skeleton (D:6)
  9 wights
  An electric eel (Lair:3)
  A howler monkey (D:6)
  2 centaur zombies (D:8)
  3 hounds
  A centaur skeleton (D:7)
  3 jellies
  An orc priest (D:8)
  A bullfrog skeleton (D:6)
  3 iguanas
  2 orc wizards (D:8)
  A hell rat (Lair:4)
  6 gnolls
  7 adders
  A shadow imp (D:5)
  A white imp (D:6)
  A worm (D:5)
  A dart slug (D:4)
  9 orcs
  2 ball pythons
  3 bats (D:2)
  5 endoplasms
  2 goblins
  5 hobgoblins
  6 jackals (D:3)
  8 kobolds
  A quokka (D:4)
  2 frilled lizards
  2 rats
165 creatures vanquished.

Vanquished Creatures (collateral kills)
  A hydra (Lair:3)
  A bog body (Lair:3)
  2 black mambas
  Maggie (Lair:2)
  A cane toad (Lair:4)
  3 rime drakes
  A komodo dragon (Lair:3)
  2 blink frogs (Lair:4)
  10 yaks
  A wyvern (Lair:4)
  A human (Lair:4)
  2 basilisks (Lair:4)
  2 hogs (Lair:4)
  2 water moccasins
  2 bullfrogs (Lair:3)
  3 hell rats (Lair:4)
35 creatures vanquished.

Vanquished Creatures (others)
  A shadow imp (D:6)
  11 fungi
  33 plants
  14 withered plants (Gauntlet)
59 creatures vanquished.

Grand Total: 259 creatures vanquished

Notes
Turn   | Place    | Note
-------+----------+-------------------------------------------
     0 | D:5      | Spectrina the Djinni Delver began the quest for the Orb.
     0 | D:5      | Reached XP level 1. HP: 20/20 MP: 0/0
     5 | D:5      | Noticed a jelly
    55 | D:3      | Reached skill level 1 in Spellcasting
    55 | D:3      | Reached XP level 2. HP: 17/25 MP: 0/0
    59 | D:3      | Found a sacrificial altar of Ru.
   330 | D:2      | Reached XP level 3. HP: 30/30 MP: 0/0
   330 | D:2      | Learned a level 1 spell: Sandblast
   394 | D:2      | Found a glowing golden altar of the Shining One.
   530 | D:2      | Reached skill level 2 in Spellcasting
   857 | D:6      | Noticed a sky beast
   889 | D:7      | Found a staircase to the Ecumenical Temple.
   892 | D:7      | Noticed a black bear
   906 | D:7      | Noticed an ice beast
   913 | Temple   | Entered the Ecumenical Temple
   927 | Temple   | Became a worshipper of Ashenzari the Shackled
   967 | D:6      | Found Izatadus's Self-Improvement Boutique.
   980 | D:6      | Noticed a scorpion
   986 | D:5      | Noticed a gnoll sergeant
  1015 | D:6      | Noticed Blork the orc
  1038 | D:6      | Reached XP level 4. HP: 18/35 MP: 0/0
  1046 | D:6      | Reached skill level 3 in Spellcasting
  1046 | D:6      | Reached XP level 5. HP: 12/40 MP: 0/0
  1046 | D:6      | Learned a level 2 spell: Searing Ray
  1126 | D:4      | Noticed Eustachio
  1215 | D:4      | Found a runed translucent door.
  1216 | D:4      | Noticed Crazy Yiuf
  1726 | D:4      | Noticed Pikel
  1726 | D:4      | Noticed a lemure
  1726 | D:4      | Noticed a lemure
  1727 | D:4      | Noticed a lemure
  1742 | D:4      | Killed a lemure
  1743 | D:4      | Noticed a lemure
  1752 | D:4      | HP: 2/40 [lemure[Pikel] (1)]
  1755 | D:4      | Killed a lemure
  1756 | D:4      | Killed Pikel
  1757 | D:4      | Reached skill level 4 in Spellcasting
  1757 | D:4      | Reached XP level 6. HP: 19/46 MP: 0/0
  1757 | D:4      | Reached XP level 7. HP: 21/50 MP: 0/0
  1757 | D:4      | Learned a level 3 spell: Portal Projectile
  1905 | D:4      | Reached * piety under Ashenzari
  1938 | D:4      | Found a snail-covered altar of Cheibriados.
  2068 | D:5      | Found a white marble altar of Elyvilon.
  2088 | D:5      | Reached skill level 5 in Spellcasting
  2088 | D:5      | Reached XP level 8. HP: 44/56 MP: 0/0
  2135 | D:5      | Found a sparkling altar of Nemelex Xobeh.
  2341 | D:4      | Killed Eustachio
  2445 | D:6      | Found an iron altar of Okawaru.
  2472 | D:6      | Reached skill level 5 in Evocations
  2473 | D:6      | Upgraded the game from 0.28-a0-2-g643f2454ad to
                  | 0.28-a0-8-g6e044cfa68
  2503 | D:6      | Reached skill level 6 in Spellcasting
  2564 | D:6      | Reached ** piety under Ashenzari
  2631 | D:6      | Found a stormy altar of Qazlal.
  2717 | D:6      | Reached XP level 9. HP: 21/60 MP: 0/0
  2717 | D:6      | Learned a level 4 spell: Sticky Flame
  2786 | D:6      | Reached skill level 7 in Spellcasting
  2851 | D:6      | Killed Blork the orc
  3204 | D:7      | Reached skill level 8 in Spellcasting
  3240 | D:7      | Found a burning altar of Makhleb.
  3403 | D:8      | Noticed an angel
  3404 | D:8      | Found a shimmering altar of Xom.
  3404 | D:8      | Found a glowing silver altar of Zin.
  3405 | D:8      | Noticed Prince Ribbit
  3416 | D:8      | Killed Prince Ribbit
  3439 | D:8      | Reached skill level 9 in Spellcasting
  3450 | D:8      | Reached XP level 10. HP: 25/67 MP: 0/0
  3872 | D:8      | Found a glowing golden altar of the Shining One.
  3982 | D:8      | Paralysed by an orc wizard for 3 turns
  3994 | D:8      | Reached skill level 10 in Spellcasting
  4042 | D:8      | Found a staircase to the Lair.
  4066 | Lair:1   | Entered Level 1 of the Lair of Beasts
  4120 | Lair:2   | Noticed a cane toad
  4251 | Lair:1   | Noticed a cane toad
  4254 | Lair:1   | Killed a cane toad
  4320 | Lair:1   | Noticed a cane toad
  4326 | Lair:1   | Noticed a black mamba
  4337 | Lair:1   | Killed a cane toad
  4373 | Lair:1   | Noticed Nergalle
  4378 | Lair:1   | Killed Nergalle
  4427 | Lair:1   | Reached *** piety under Ashenzari
  4537 | Lair:1   | Killed a black mamba
  4538 | Lair:1   | Reached skill level 5 in Stealth
  4538 | Lair:1   | Reached XP level 11. HP: 65/71 MP: 0/0
  4538 | Lair:1   | Learned a level 4 spell: Summon Lightning Spire
  4672 | Lair:2   | Found a runed translucent door.
  4676 | Lair:2   | Noticed a death yak
  4677 | Lair:2   | Noticed Zihow's ghost (journeyman DgIE)
  4760 | Lair:2   | Reached skill level 11 in Spellcasting
  4816 | Lair:2   | Noticed Maggie
  4822 | Lair:2   | Killed Maggie
  4876 | Lair:3   | Noticed Fannar
  4885 | Lair:3   | Killed Fannar
  4989 | Lair:3   | Found a staircase to the Swamp.
  4989 | Lair:3   | Noticed a bog body
  5060 | Lair:3   | Noticed Snorg
  5156 | Lair:3   | Killed Snorg
  5388 | Lair:3   | HP: 1/71 [bog body (19)]
  5422 | Lair:2   | Noticed an eight-headed hydra
  5745 | Lair:3   | Noticed a four-headed hydra
  5756 | Lair:3   | Killed a four-headed hydra
  5788 | Lair:3   | Killed a bog body
  5846 | Lair:4   | Noticed a death yak
  5846 | Lair:4   | Noticed a death yak
  5846 | Lair:4   | Noticed a death yak
  5846 | Lair:4   | Noticed a death yak
  5846 | Lair:4   | Noticed a death yak
  5846 | Lair:4   | Noticed a death yak
  5876 | Lair:3   | Killed an eight-headed hydra
  5877 | Lair:3   | Reached XP level 12. HP: 66/76 MP: 0/0
  6013 | Lair:4   | Noticed Kirke
  6030 | Lair:4   | Noticed a five-headed hydra
  6039 | Lair:4   | Reached skill level 12 in Spellcasting
  6132 | Lair:4   | Killed Kirke
  6132 | Lair:4   | Identified the cursed +6 great sword of the Sublime Augur
                  | {protect, Evo, Range} (You took it off a wight on level 7
                  | of the Dungeon)
  6132 | Lair:4   | Identified the cursed +3 ring mail "Stellar Gnosis" {Melee,
                  | Evo} (You found it on level 6 of the Dungeon)
  6132 | Lair:4   | Identified the cursed ring of Ashenzari's Loss {AC+4, Cun,
                  | Fort} (You found it on level 6 of the Dungeon)
  6132 | Lair:4   | Identified the cursed ring of Ashenzari's Paranoia {Ice,
                  | Evo, Range} (You took it off Fannar on level 3 of the Lair
                  | of Beasts)
  6386 | Lair:4   | Killed a five-headed hydra
  6829 | Lair:4   | Reached skill level 13 in Spellcasting
  6975 | Lair:4   | Killed a death yak
  7309 | Lair:5   | Found a gate leading to a gauntlet.
  7350 | Gauntlet | Entered a Gauntlet
  7350 | Gauntlet | Found a transporter.
  7350 | Gauntlet | Found a transporter.
  7350 | Gauntlet | Noticed a death scarab
  7351 | Gauntlet | Noticed a death scarab
  7352 | Gauntlet | Found a transporter.
  7352 | Gauntlet | Found a transporter.
  7354 | Gauntlet | Found a transporter.
  7356 | Gauntlet | Found a large runed translucent door.
  7357 | Gauntlet | Found a large runed translucent door.
  7358 | Gauntlet | Found a large runed translucent door.
  7358 | Gauntlet | Found a large runed translucent door.
  7358 | Gauntlet | Found a runed translucent door.
  7358 | Gauntlet | Found a runed translucent door.
  7359 | Gauntlet | Found a large runed translucent door.
  7359 | Gauntlet | Found a large runed translucent door.
  7359 | Gauntlet | Found a large runed translucent door.
  7359 | Gauntlet | Found a large runed translucent door.
  7360 | Gauntlet | Found a large runed translucent door.
  7361 | Gauntlet | Found a large runed translucent door.
  7361 | Gauntlet | Found a large runed translucent door.
  7361 | Gauntlet | Found a large runed translucent door.
  7362 | Gauntlet | Found a large runed translucent door.
  7362 | Gauntlet | Found a large runed translucent door.
  7362 | Gauntlet | Found a large runed translucent door.
  7364 | Gauntlet | Found a runed translucent gate.
  7364 | Gauntlet | Found a runed translucent gate.
  7364 | Gauntlet | Found a runed translucent gate.
  7365 | Gauntlet | Found a transporter.
  7374 | Gauntlet | Found a transporter.
  7378 | Gauntlet | Found a transporter.
  7378 | Gauntlet | Found a transporter.
  7378 | Gauntlet | Found a transporter.
  7397 | Gauntlet | Found a transporter.
  7398 | Gauntlet | Identified the +0 cloak of Huelashra {rElec rN++ Will-
                  | Stlth+}
  7405 | Gauntlet | Found a transporter.
  7431 | Gauntlet | Found a large runed translucent door.
  7589 | Gauntlet | HP: 2/114 [spectral seven-headed hydra (5)]
  7589 | Gauntlet | Slain by a spectral seven-headed hydra

Illustrated notes

Levels and vault maps discovered:
D:1:      grunt_arrival_lava_bath, layout_basic,
          dreamdust_ecumenical_altar_grove
D:2:      layout_basic, basic_altar
D:3:      layout_loops_ring, mainiacjoe_overflow_cross_hatched,
          grunt_ministairs_11
D:4:      layout_gridville, mainiacjoe_overflow_catwalk, minmay_surrounded,
          uniq_pikel, uniq_crazy_yiuf_cottage, uniq_eustachio
D:5:      layout_cave_pools, nicolae_overflow_crystal_walls, led_sif_pool,
          nemelex_diamond_rough_becter
D:6:      layout_cave_pods, nicolae_vehumet_radiance,
          mainiacjoe_overflow_concentric_impassable, grunt_qazlal_clouds,
          nicolae_shop_self_help, uniq_blork_the_orc
D:7:      layout_cave_pools, lightli_temple_of_fire,
          minmay_temple_entry_overgrown
D:8:      layout_rooms, grunt_temple_overflow_order_and_chaos_1, tso_altar,
          erik_lair_orcish_takeover, uniq_prince_ribbit1
D:9:      layout_roguey, nicolae_overflow_hidden_temple
Temple:   corrupted_temple
Lair:1:   layout_cave_pods, uniq_nergalle
Lair:2:   layout_roguey, ebering_ghost_inner_flame, uniq_maggie
Lair:3:   layout_regular_city, skrybe_swamp_entry_bodies,
          infiniplex_staircase_pool_2, serial_bayou_shore_a, lemuel_fruit_tree,
          uniq_fannar, uniq_snorg
Lair:4:   layout_cave_shapes, nicolae_spider_entry_orb_guardian, special_room
          [special_room_mythical_zoo], minmay_lair_oklob_chamber, uniq_kirke
Lair:5:   layout_roguey, minmay_slime_entry_oklob_enclosed, special_room
          [special_room_bee], gauntlet_entry_generic
Gauntlet: gammafunk_gauntlet_hard_choice [gammafunk_gauntlet_arena_teeth,
          nicolae_gauntlet_swirl, minmay_gauntlet_arena_make_your_own_arena,
          gammafunk_gauntlet_arena_mazey, gammafunk_gauntlet_arena_arrow_garden,
          nicolae_gauntlet_arena_flowing_pool,
          nicolae_gauntlet_exit_dead_adventurers]

Skill      XL: |  1  2  3  4  5  6  7  8  9 10 11 12 |
---------------+-------------------------------------+-----
Spellcasting   | 1 2 3 4 5 6 9 10 11 13 | 13.2
Evocations     | 3 4 5 6 |  6.8
Stealth        | 5 6 8 |  8.0
Fighting       | |  3.0
Dodging        | |  2.1
Unarmed Combat | |  2.0

Action                   |  1- 3 |  4- 6 |  7- 9 | 10-12 || total
-------------------------+-------+-------+-------+-------++-------
Melee: Scimitar          |    24 |    37 |    27 |       ||    88
       Punch             |     1 |       |       |       ||     1
       Great sword       |       |       |       |    27 ||    27
Throw: Dart              |       |       |     7 |    57 ||    64
       Boomerang         |       |       |    11 |    15 ||    26
 Cast: Sandblast         |     8 |     3 |    11 |    16 ||    38
       Searing Ray       |       |    10 |    37 |    38 ||    85
       Sticky Flame      |       |       |     7 |    27 ||    34
       Summon Lightning  |       |       |       |    61 ||    61
Invok: Curse Item        |       |     1 |     2 |     2 ||     5
       Shatter the Chain |       |       |       |     1 ||     1
Evoke: Wand              |       |       |     1 |    27 ||    28
       Phantom mirror    |       |       |       |     1 ||     1
       Tin of tremorston |       |       |       |     2 ||     2
  Use: Potion            |       |     1 |       |     8 ||     9
       Scroll            |       |       |       |    11 ||    11
 Stab: Sleeping          |     2 |       |     1 |     2 ||     5
       Paralysed         |       |       |       |     3 ||     3
       Invisible         |       |       |       |     1 ||     1
Armor: Leather armour    |     5 |       |       |       ||     5
       Ring mail         |     2 |    27 |    32 |    47 ||   108
Dodge: Dodged            |    21 |    33 |    52 |    72 ||   178
       Rpst.: Scimitar   |     2 |     6 |    17 |       ||    25
       Great sword       |       |       |       |    20 ||    20

Table legend: (Time is in decaauts)
 A = Elapsed time spent in this place.
 B = Non-inter-level travel time spent in this place.
 C = Inter-level travel time spent in this place.
 D = Time resting spent in this place.
 E = Time spent auto-exploring this place.
 F = Levels seen in this place.
 G = Mean time per level.
                   A        B        C        D        E       F      G
               +--------+--------+--------+--------+--------+-----+--------+
         Total |   7727 |   7321 |    406 |      0 |      0 |  16 |  482.9 |
       Dungeon |   4091 |   3840 |    251 |      0 |      0 |   9 |  454.6 |
        Temple |     31 |     31 |      0 |      0 |      0 |   1 |   31.0 |
          Lair |   3362 |   3207 |    155 |      0 |      0 |   5 |  672.4 |
      Gauntlet |    241 |    241 |      0 |      0 |      0 |   1 |  241.0 |
               +--------+--------+--------+--------+--------+-----+--------+

Top non-repeatable levels by time:
  Lair:4: 1320 daAuts
  Lair:3: 777 daAuts
     D:6: 735 daAuts
     D:4: 676 daAuts
  Lair:2: 640 daAuts
  Lair:1: 579 daAuts
     D:2: 540 daAuts
     D:7: 537 daAuts
     D:5: 514 daAuts
     D:8: 503 daAuts
     D:3: 410 daAuts
Gauntlet: 241 daAuts
     D:9: 98 daAuts
     D:1: 74 daAuts
  Lair:5: 43 daAuts
